IL
COLUMBUS CLIPPERS @ NASHVILLE SOUNDS
08/26/2049
 
TOP OF THE 1ST
Columbus Clippers batting - Pitching for Nashville Sounds : LHP Kalaida Steedman
Pitching: LHP Kalaida Steedman
Batting: SHB Scott Scott 0-0: Ground out 6-3 (Groundball, 6, EV 96.9 MPH)
Batting: RHB Jason Sher 0-0: Ground out 4-3 (Groundball, 4, EV 85.6 MPH)
Batting: SHB Valentin Laporte 0-0: Called Strike
0-1: Foul Ball, location: 2F
0-2: Foul Ball, location: 2F
0-2: Foul Ball, location: 2F
0-2: Fly out, F2 (Popup, 2LF, EV 92.5 MPH)
Top of the 1st over - 0 runs, 0 hits, 0 errors, 0 left on base; Columbus 0 - Nashville 0
BOTTOM OF THE 1ST
Nashville Sounds batting - Pitching for Columbus Clippers : RHP Josh Hoeye
Pitching: RHP Josh Hoeye
Batting: SHB Robert Santiago 0-0: Called Strike
0-1: Swinging Strike
0-2: Ball
1-2: Strikes out swinging
Batting: LHB Tomas Segarra 0-0: Ball
1-0: Ball
2-0: Called Strike
2-1: Called Strike
2-2: Ball
3-2: Foul Ball, location: 2F
3-2: Ground out 4-3 (Groundball, 34, EV 104.4 MPH)
Batting: RHB Tim Cordle 0-0: Ball
1-0: Ball
2-0: Called Strike
2-1: Ball
3-1: Ground out 5-3 (Groundball, 56S, EV 75.6 MPH)
Bottom of the 1st over - 0 runs, 0 hits, 0 errors, 0 left on base; Columbus 0 - Nashville 0
TOP OF THE 2ND
Columbus Clippers batting - Pitching for Nashville Sounds : LHP Kalaida Steedman
Batting: LHB Zack Berney 0-0: Called Strike
0-1: Ball
1-1: Fly out, F9 (Flyball, 9, EV 88.1 MPH)
Batting: RHB Rick O'Reilly 0-0: Fly out, F8 (Flyball, 8RD, EV 92.5 MPH)
Batting: LHB Zion Davidson 0-0: Fly out, F5 (Line Drive, 56, EV 80.6 MPH)
Top of the 2nd over - 0 runs, 0 hits, 0 errors, 0 left on base; Columbus 0 - Nashville 0
BOTTOM OF THE 2ND
Nashville Sounds batting - Pitching for Columbus Clippers : RHP Josh Hoeye
Batting: RHB Bill Cabrera 0-0: Swinging Strike
0-1: Called Strike
0-2: Strikes out swinging
Batting: LHB Al Hernandez 0-0: Called Strike
0-1: Ball
1-1: Ball
2-1: Fly out, F9 (Line Drive, 89M, EV 96.2 MPH)
Batting: LHB Ben Goldstein 0-0: Ball
1-0: Foul Ball, location: 2F
1-1: Fly out, F7 (Flyball, 7, EV 75.6 MPH)
Bottom of the 2nd over - 0 runs, 0 hits, 0 errors, 0 left on base; Columbus 0 - Nashville 0
TOP OF THE 3RD
Columbus Clippers batting - Pitching for Nashville Sounds : LHP Kalaida Steedman
Batting: RHB Josh Hoeye 0-0: Called Strike
0-1: Ball
1-1: Swinging Strike
1-2: Strikes out swinging
Batting: RHB Justin Ganey 0-0: Ball
1-0: Ball
2-0: Foul Ball, location: 2F
2-1: Ball
3-1: Base on Balls
Batting: RHB George Wagner 0-0: Foul Ball, location: 2F
0-1: Ball
1-1: SINGLE (Groundball, 56D, EV 94.4 MPH)
Justin Ganey to second
Batting: SHB Scott Scott 0-0: Ball
1-0: Ball
2-0: Ball
3-0: Base on Balls
Justin Ganey to third
George Wagner to second
Batting: RHB Jason Sher 0-0: Ball
1-0: Ball
2-0: Called Strike
2-1: Called Strike
2-2: Ball
3-2: Base on Balls
Justin Ganey scores
George Wagner to third
Scott Scott to second
Batting: SHB Valentin Laporte 0-0: Called Strike
0-1: Grounds into double play, 6-4-3 (Groundball, 6, EV 88.1 MPH)
Top of the 3rd over - 1 run, 1 hit, 0 errors, 2 left on base; Columbus 1 - Nashville 0
BOTTOM OF THE 3RD
Nashville Sounds batting - Pitching for Columbus Clippers : RHP Josh Hoeye
Batting: LHB Zachary DeLuca 0-0: Ball
1-0: DOUBLE (Flyball, 78D, EV 106.2 MPH)
Batting: LHB Ruben Garza 0-0: Ball
1-0: Ball
2-0: Foul Ball, location: 2F
2-1: Swinging Strike
2-2: Strikes out swinging
Batting: RHB Yonetoshi Muranaka 0-0: Ball
1-0: Ball
2-0: Ball
3-0: Base on Balls
Batting: SHB Robert Santiago 0-0: Foul Ball, location: 2F
0-1: SINGLE (Groundball, 56D, EV 97.5 MPH)
Zachary DeLuca to third
Yonetoshi Muranaka to second
Runner from 3rd tries for Home, SAFE, throw by LF to home
Batting: LHB Tomas Segarra 0-0: Swinging Strike
0-1: Ball
1-1: Ball
2-1: Grounds into double play, 4-6-3 (Groundball, 4, EV 101.2 MPH)
Bottom of the 3rd over - 1 run, 2 hits, 0 errors, 1 left on base; Columbus 1 - Nashville 1
TOP OF THE 4TH
Columbus Clippers batting - Pitching for Nashville Sounds : LHP Kalaida Steedman
Batting: LHB Zack Berney 0-0: Foul Ball, location: 2F
0-1: Foul Ball, location: 2F
0-2: Foul Ball, location: 2F
0-2: Ball
1-2: Strikes out looking
Batting: RHB Rick O'Reilly 0-0: Ball
1-0: Foul Ball, location: 2F
1-1: Called Strike
1-2: Fly out, F3 (Popup, 3S, EV 64.4 MPH)
Batting: LHB Zion Davidson 0-0: Ball
1-0: Swinging Strike
1-1: Ball
2-1: Ball
3-1: Foul Ball, location: 2F
3-2: Foul Ball, location: 2F
3-2: Base on Balls
Batting: RHB Josh Hoeye 0-0: Ball
Zion Davidson steals 2nd, throwing error, E2
Zion Davidson to third
1-0: Called Strike
1-1: Swinging Strike
1-2: Foul Ball, location: 2F
1-2: Strikes out looking
Top of the 4th over - 0 runs, 0 hits, 1 error, 1 left on base; Columbus 1 - Nashville 1
BOTTOM OF THE 4TH
Nashville Sounds batting - Pitching for Columbus Clippers : RHP Josh Hoeye
Batting: RHB Tim Cordle 0-0: Ball
1-0: Foul Ball, location: 2F
1-1: Ground out 3-1 (Groundball, 34, EV 110.0 MPH)
Batting: RHB Bill Cabrera 0-0: Ball
1-0: Foul Ball, location: 2F
1-1: Foul Ball, location: 2F
1-2: Fly out, F7 (Flyball, 7, EV 68.8 MPH)
Batting: LHB Al Hernandez 0-0: SINGLE (Line Drive, 8RS, EV 94.4 MPH)
Batting: LHB Ben Goldstein 0-0: Swinging Strike
0-1: Ball
1-1: Ground out 4-3 (Groundball, 4, EV 104.4 MPH)
Bottom of the 4th over - 0 runs, 1 hit, 0 errors, 1 left on base; Columbus 1 - Nashville 1
TOP OF THE 5TH
Columbus Clippers batting - Pitching for Nashville Sounds : LHP Kalaida Steedman
Batting: RHB Justin Ganey 0-0: Ground out 6-3 (Groundball, 56, EV 81.9 MPH)
Batting: RHB George Wagner 0-0: Ball
1-0: Called Strike
1-1: Foul Ball, location: 2F
1-2: Ground out 6-3 (Groundball, 6, EV 85.6 MPH)
Batting: SHB Scott Scott 0-0: Foul Ball, location: 2F
0-1: Ball
1-1: Ball
2-1: Foul Ball, location: 2F
2-2: Strikes out looking
Top of the 5th over - 0 runs, 0 hits, 0 errors, 0 left on base; Columbus 1 - Nashville 1
BOTTOM OF THE 5TH
Nashville Sounds batting - Pitching for Columbus Clippers : RHP Josh Hoeye
Batting: LHB Zachary DeLuca 0-0: Called Strike
0-1: Ball
1-1: Swinging Strike
1-2: Ball
2-2: Ground out 1-3 (Groundball, P, EV 70.0 MPH)
Batting: LHB Ruben Garza 0-0: Ball
1-0: Swinging Strike
1-1: Ball
2-1: Ball
3-1: Foul Ball, location: 2F
3-2: Base on Balls
Batting: RHB Yonetoshi Muranaka 0-0: Ball
1-0: Ball
2-0: Called Strike
2-1: Ball
3-1: Base on Balls
Ruben Garza to second
Batting: SHB Robert Santiago 0-0: Called Strike
0-1: Ball
1-1: Fielders Choice at 2nd, 6-4 (Groundball, 6M, EV 91.2 MPH)
Ruben Garza to third
Batting: LHB Tomas Segarra 0-0: Ball
1-0: Ball
2-0: Called Strike
2-1: Foul Ball, location: 2F
2-2: Strikes out looking
Bottom of the 5th over - 0 runs, 0 hits, 0 errors, 2 left on base; Columbus 1 - Nashville 1
TOP OF THE 6TH
Columbus Clippers batting - Pitching for Nashville Sounds : LHP Kalaida Steedman
Batting: RHB Jason Sher 0-0: Foul Ball, location: 2F
0-1: Foul Ball, location: 2F
0-2: Ball
1-2: Ground out 3-1 (Groundball, 34, EV 95.0 MPH)
Batting: SHB Valentin Laporte 0-0: Called Strike
0-1: Ground out 4-3 (Groundball, 4S, EV 68.8 MPH)
Batting: LHB Zack Berney 0-0: Ball
1-0: Ball
2-0: Ball
3-0: Called Strike
3-1: Foul Ball, location: 2F
3-2: Base on Balls
Batting: RHB Rick O'Reilly 0-0: Ball
Zack Berney steals 2nd base
1-0: Ground out 6-3 (Groundball, 6, EV 86.2 MPH)
Top of the 6th over - 0 runs, 0 hits, 0 errors, 1 left on base; Columbus 1 - Nashville 1
BOTTOM OF THE 6TH
Nashville Sounds batting - Pitching for Columbus Clippers : RHP Josh Hoeye
Batting: RHB Tim Cordle 0-0: Called Strike
0-1: Ball
1-1: Swinging Strike
1-2: Fly out, F7 (Flyball, 7, EV 76.9 MPH)
Batting: RHB Bill Cabrera 0-0: Called Strike
0-1: SINGLE (Line Drive, 89S, EV 105.0 MPH)
Batting: LHB Al Hernandez 0-0: Ball
1-0: Foul Ball, location: 2F
1-1: Swinging Strike
Passed Ball!
Bill Cabrera to second
1-2: Ball
2-2: Ground out 4-3 (Groundball, 4, EV 86.9 MPH)
Bill Cabrera to third
Batting: LHB Ben Goldstein 0-0: SINGLE (Groundball, 6D, EV 93.8 MPH)
Bill Cabrera scores
Batting: LHB Zachary DeLuca 0-0: Ball
1-0: Ball
2-0: Ball
3-0: Called Strike
3-1: Fly out, F8 (Flyball, 8LXD, EV 95.0 MPH)
Bottom of the 6th over - 1 run, 2 hits, 0 errors, 1 left on base; Columbus 1 - Nashville 2
TOP OF THE 7TH
Columbus Clippers batting - Pitching for Nashville Sounds : LHP Kalaida Steedman
Pinch Hitting: RHB Mike Quackenbush 0-0: Called Strike
0-1: Foul Ball, location: 2F
0-2: Ball
1-2: Ball
2-2: Strikes out swinging
Batting: RHB Josh Hoeye 0-0: Hit by Pitch
Batting: RHB Justin Ganey 0-0: Ball
1-0: Grounds into double play, 4-6-3 (Groundball, 4M, EV 77.5 MPH)
Top of the 7th over - 0 runs, 0 hits, 0 errors, 0 left on base; Columbus 1 - Nashville 2
BOTTOM OF THE 7TH
Nashville Sounds batting - Pitching for Columbus Clippers : RHP Josh Hoeye
Now in LF: Zack Berney
Now in RF: Mike Quackenbush
Batting: LHB Ruben Garza 0-0: Ball
1-0: Foul Ball, location: 2F
1-1: Ball
2-1: Ball
3-1: Called Strike
3-2: Foul Ball, location: 2F
3-2: Base on Balls
Batting: RHB Yonetoshi Muranaka 0-0: Ball
1-0: Foul Ball, location: 2F
1-1: Swinging Strike
1-2: Ball
2-2: Ball
3-2: Base on Balls
Ruben Garza to second
Batting: SHB Robert Santiago 0-0: Ball
1-0: Called Strike
1-1: Foul Ball, location: 2F
1-2: SINGLE (Flyball, 8LS, EV 88.1 MPH)
Ruben Garza to third
Yonetoshi Muranaka to second
Batting: LHB Tomas Segarra 0-0: Ball
1-0: Called Strike
1-1: Ball
2-1: SINGLE (Groundball, 6D, EV 96.2 MPH)
Ruben Garza scores
Yonetoshi Muranaka to third
Robert Santiago to second
Runner from 3rd tries for Home, SAFE, throw by LF to home
Batting: RHB Tim Cordle 0-0: Called Strike
0-1: Ball
1-1: Swinging Strike
1-2: Strikes out swinging
Batting: RHB Bill Cabrera 0-0: Called Strike
0-1: Fielders Choice at 2nd, 1-4 (Groundball, 15S, EV 70.0 MPH)
Robert Santiago to third
Pitching: LHP Rene Eenkhoorn
Batting: LHB Al Hernandez 0-0: Foul Ball, location: 2F
0-1: Ball
1-1: Called Strike
1-2: Ground out 1-3 (Groundball, P, EV 70.6 MPH)
Bottom of the 7th over - 2 runs, 2 hits, 0 errors, 2 left on base; Columbus 1 - Nashville 4
TOP OF THE 8TH
Columbus Clippers batting - Pitching for Nashville Sounds : LHP Kalaida Steedman
Batting: RHB George Wagner 0-0: DOUBLE (Line Drive, 9LM, EV 104.4 MPH)
Batting: SHB Scott Scott 0-0: Ball
1-0: Ball
2-0: Foul Ball, location: 2F
2-1: Ground out U3 (Groundball, 34, EV 89.4 MPH)
George Wagner to third
Batting: RHB Jason Sher 0-0: SINGLE (Groundball, 4MD, EV 95.0 MPH)
George Wagner scores
Pitching: LHP Katsumi Takaki
Batting: SHB Valentin Laporte 0-0: Foul Ball, location: 2F
0-1: Grounds into double play, 6-4-3 (Groundball, 6, EV 109.4 MPH)
Top of the 8th over - 1 run, 2 hits, 0 errors, 0 left on base; Columbus 2 - Nashville 4
BOTTOM OF THE 8TH
Nashville Sounds batting - Pitching for Columbus Clippers : LHP Rene Eenkhoorn
Batting: RHB Jonathan Ellis 0-0: Ground out U3 (Groundball, 34, EV 108.8 MPH)
Batting: LHB Zachary DeLuca 0-0: Ball
1-0: Called Strike
1-1: Ball
2-1: DOUBLE (Groundball, 3L, EV 108.1 MPH)
Batting: LHB Ruben Garza 0-0: Called Strike
0-1: Ball
1-1: Swinging Strike
1-2: Ball
2-2: SINGLE (Groundball, 34D, EV 96.9 MPH)
Zachary DeLuca to third
Batting: RHB Yonetoshi Muranaka 0-0: Ground out 5-3 (Groundball, 56S, EV 95.0 MPH)
Ruben Garza to second
Batting: SHB Robert Santiago 0-0: Called Strike
0-1: Swinging Strike
0-2: Strikes out swinging
Bottom of the 8th over - 0 runs, 2 hits, 0 errors, 2 left on base; Columbus 2 - Nashville 4
TOP OF THE 9TH
Columbus Clippers batting - Pitching for Nashville Sounds : LHP Katsumi Takaki
Batting: LHB Zack Berney 0-0: Foul Ball, location: 2F
0-1: Called Strike
0-2: Ball
1-2: Foul Ball, location: 2F
1-2: Ground out 4-3 (Groundball, 4, EV 85.6 MPH)
Batting: RHB Rick O'Reilly 0-0: Called Strike
0-1: Swinging Strike
0-2: Foul Ball, location: 2F
0-2: Foul Ball, location: 2F
0-2: Ball
1-2: Ball
2-2: Ball
3-2: Foul Ball, location: 2F
3-2: Fly out, F7 (Line Drive, 7D, EV 109.4 MPH)
Batting: RHB Mike Quackenbush 0-0: Called Strike
0-1: Called Strike
0-2: DOUBLE (Line Drive, 78D, EV 105.6 MPH)
Batting: RHB Josh Hoeye 0-0: Ball
1-0: Foul Ball, location: 2F
1-1: Called Strike
1-2: Ball
2-2: Foul Ball, location: 2F
2-2: Ball
3-2: Base on Balls
Batting: RHB Justin Ganey 0-0: Called Strike
0-1: Swinging Strike
0-2: Fielders Choice at 2nd, 5-4 (Groundball, 56, EV 110.6 MPH)
Top of the 9th over - 0 runs, 1 hit, 0 errors, 2 left on base; Columbus 2 - Nashville 4
Sunday, July 16th , 2023 - OOTP Baseball 24.6 Build 69